 Dungeon Crawl Stone Soup version 0.30-a0-691-g754fce4c43 (webtiles) character file.

Game seed: 1876465072094388877

93490 mistaj the Warrior (level 16, -7/111 HPs)
             Began as a Gargoyle Monk on Jan 19, 2023.
             Was the Champion of Makhleb.
             Mangled by an apocalypse crab (9 damage)
             ... on level 3 of the Abyss.
             The game lasted 01:08:19 (25932 turns).

mistaj the Warrior (Gargoyle Monk)                 Turns: 25932, Time: 01:08:19

Health: -7/111     AC: 38    Str: 29    XL:     16   Next: 8%
Magic:  16/16      EV: 11    Int: 11    God:    Makhleb [******]
Gold:   2130       SH: 18    Dex: 18    Spells: 15/15 levels left

rFire   + + .      SeeInvis +    t - +3 demon whip (venom)
rCold   + + .      Faith    .    x - +0 kite shield
rNeg    + + +      Spirit   .    y - +4 scale mail {rN+}
rPois   ∞          Reflect  +    W - +1 helmet
rElec   +          Harm     .    J - +2 cloak
rCorr   +          Rampage  .    L - +2 pair of gloves of the Slorg {rN+ Str+3}
Will    +....                    r - +0 pair of boots
Stlth   +                        s - amulet of Siak Jas {Reflect Str+3 Dex+6 SH+5 SInv}
HPRegen 0.38/turn                O - ring of protection from fire
MPRegen 0.15/turn                K - ring of protection from cold

@: resistant, flying
A: sickness immunity, AC +12, big wings, negative energy resistance 1,
electricity resistance, torment resistance 1, petrification resistance
a: Renounce Religion, Minor Destruction, Lesser Servant of Makhleb, Major
Destruction, Greater Servant of Makhleb


You were on level 3 of the Abyss.
You worshipped Makhleb.
Makhleb was exalted by your worship.
You visited 5 branches of the dungeon, and saw 22 of its levels.
You visited the Abyss 2 times.

You collected 2130 gold pieces.

Inventory:

Hand Weapons
 t - a +3 demon whip of venom (weapon)
 H - a +2 broad axe of flaming
Missiles
 l - 4 atropa-tipped darts
 p - 2 throwing nets
 z - 5 javelins (quivered)
 Z - 20 poisoned darts
Armour
 e - an orb of mayhem
 r - a +0 pair of boots (worn)
 x - a +0 kite shield (worn)
 y - a +4 scale mail of positive energy (worn)
 J - a +2 cloak (worn)
 L - the +2 pair of gloves of the Slorg (worn) {rN+ Str+3}
   (You found it on level 1 of the Lair of Beasts)

   Str:       It affects your strength (+3).
   rN:        It protects you from negative energy.
 T - a +0 plate armour of cold resistance
 W - a +1 helmet (worn)
 X - +0 steam dragon scales
Jewellery
 h - a ring of positive energy
 q - a ring of ice
 s - the amulet of Siak Jas (around neck) {Reflect Str+3 Dex+6 SH+5 SInv}
   (You acquired it on level 9 of the Dungeon)

   [amulet of reflection]

   It reflects blocked missile attacks.
   Str:       It affects your strength (+3).
   Dex:       It affects your dexterity (+6).
   SInv:      It lets you see invisible.
   SH:        It affects your SH (+5).
 w - a ring of positive energy
 C - a ring of resist corrosion
 D - the ring "Fiegeqesh" {MP+9 Str+3 Slay+4}
   (You found it on level 5 of the Lair of Beasts)

   [ring of magical power]

   Str:       It affects your strength (+3).
   Slay:      It affects your accuracy & damage with ranged weapons and melee
   (+4).
   MP:        It affects your magic capacity (+9).
 K - a ring of protection from cold (right hand)
 O - a ring of protection from fire (left hand)
Wands
 j - a wand of iceblast (21)
 B - a wand of polymorph (3)
 I - a wand of mindburst (6)
 M - a wand of light (2)
 N - a wand of charming (7)
 U - a wand of flame (22)
Scrolls
 b - 2 scrolls of identify
 d - 2 scrolls of magic mapping
 g - 4 scrolls of poison
 v - 3 scrolls of teleportation
 A - 5 scrolls of blinking
 P - 2 scrolls of enchant armour
 Q - a scroll of immolation
 R - a scroll of silence
 V - 2 scrolls of fear
Potions
 a - 2 potions of resistance
 c - a potion of ambrosia
 f - 6 potions of lignification
 i - a potion of attraction
 k - 3 potions of mutation
 m - 5 potions of heal wounds
 n - a potion of cancellation
 o - 8 potions of brilliance
 u - 10 potions of curing
 E - a potion of invisibility
 F - a potion of haste
 G - 3 potions of berserk rage
 S - 3 potions of might


   Skills:
 + Level 16.4 Fighting
 + Level 15.1 Maces & Flails
 + Level 16.0 Armour
 - Level 2.4 Dodging
 - Level 2.1 Stealth
 + Level 13.7 Shields


You had 15 spell levels left.
You didn't know any spells.
Your spell library contained the following spells:

 Spells                   Type           Power      Damage    Failure   Level
 Apportation              Tloc           0%         N/A       73%         1
 Magic Dart               Conj           0%         1d3       73%         1
 Necrotise                Necr           0%         1d4       73%         1
 Sandblast                Erth           0%         2d4       73%         1
 Summon Small Mammal      Summ           0%         N/A       73%         1
 Call Imp                 Summ           0%         N/A       86%         2
 Passwall                 Tmut/Erth      0%         N/A       86%         2
 Poisonous Vapours        Pois/Air       0%         N/A       86%         2
 Scorch                   Fire           0%         2d5       86%         2
 Searing Ray              Conj           0%         2d4       86%         2
 Inner Flame              Hex/Fire       0%         N/A       97%         3
 Mephitic Cloud           Conj/Pois/Air  0%         N/A       97%         3
 Stone Arrow              Conj/Erth      0%         3d7       97%         3
 Cause Fear               Hex            0%         N/A       100%        4
 Flame Wave               Conj/Fire      0%         2d4       100%        4
 Fulminant Prism          Conj/Hex       0%         3d5       100%        4
 Leda's Liquefaction      Hex/Erth       0%         N/A       100%        4
 Lee's Rapid Deconstruct  Erth           0%         3d4*      100%        5
 Summon Cactus Giant      Summ           0%         N/A       100%        6
 Discord                  Hex            0%         N/A       100%        8
 Cigotuvi's Dreadful Rot  Necr/Pois/Air  Unusable   N/A       N/A         2
 Statue Form              Tmut/Erth      Unusable   N/A       N/A         6

Dungeon Overview and Level Annotations

Branches:
Dungeon (11/15)            Temple (1/1) D:7            Lair (5/5) D:11
 Shoals (0/4) Lair:3        Snake (0/4) Lair:2        Slime (0/5) Lair:5
    Orc (2/2) D:9             Elf (3/3) Orc:2

Altars:
Ashenzari
Cheibriados
Dithmenos
Fedhas
Gozag
Hepliaklqana
Kikubaaqudgha
Makhleb
Nemelex Xobeh
Qazlal
Ru
Sif Muna
Trog
Uskayaw
Vehumet
Wu Jian
Xom
Yredelemnul
Jiyva

Shops:
D:3 !   Orc:2 (*=:   Elf:1 (   Elf:2 =

Annotations:
D:11 1 runed translucent door, Iich's ghost, journeyman DsFi
Orc:1 1 runed translucent door
Orc:2 3 runed translucent doors, mampy3000's ghost, journeyman MiBe


Innate Abilities, Weirdness & Mutations

You are immune to sickness and miasma.
Your stone body is resilient. (AC +12)
You are immune to poison.
Your large and strong wings let you fly.
You resist negative energy. (rN+)
You are resistant to electric shocks. (rElec)
You are resistant to unholy torment.
You are immune to petrification.


Message History

2 apocalypse crabs and a spatial vortex come into view.
Found an abyssal rune of Zot.
As you read the scroll of blinking, it crumbles to dust.
The spatial maelstrom is engulfed in spectral mist.
The apocalypse crab breathes chaos at you.
The blast of chaos engulfs you but does no damage.
The spatial vortex is engulfed in seething chaos.
The spatial vortex seems to slow down.
The spatial vortex completely misses you.
The chaos spawn is engulfed in spectral mist.
The spatial vortex is engulfed in seething chaos.
The spatial vortex seems to speed up.
A tentacled monstrosity and a smoke demon come into view.
You are engulfed in seething chaos.
You feel protected.
The spatial vortex is no longer moving slowly.
The tentacle is engulfed in seething chaos.
A tentacle segment bursts forth from the water.
The spatial vortex is engulfed in seething chaos.
The tentacle is engulfed in seething chaos.
The small abomination attacks as you move away!
You block the small abomination's attack.
The spatial vortex is engulfed in seething chaos.
The spatial vortex suddenly seems more resistant.
The small abomination is engulfed in seething chaos.
The spatial vortex is engulfed in seething chaos.
The smoke demon gestures at you. Something smites you!
* * * LOW HITPOINT WARNING * * *
The tentacle is engulfed in seething chaos. x2
You block the tentacle's attack.
The ghost crab breathes spectral mist at you.
The spectral mist engulfs the tentacle but does no damage.
The tentacle is engulfed in spectral mist. x2
The smoke demon gestures at you. The ball of steam hits you. You resist.
* * * LOW HITPOINT WARNING * * *
The apocalypse crab attacks as you move away!
The apocalypse crab bites you!
You die...

...# #..# ○ZZv≈≈≈~~
# ##§D§§v§§## .
##.D.#⌠D│tXvX⌠⌠#.. #
. ..#⌠⌠│§§§v⌠⌠... .
...##f│§☼§w⌠.... #
.. ..⌠##⌠☼§Z⌠#. .
###. ..#
####☼wv###... . .~ .
#~tX☼xt§§~3⌠. ..
.~#.### ~#§@§#~~#.
##..♣...⌠##~~~~~~~##
.#.#~ .#
#####φ#######. .X# ♣
. ..# ####⌠#. . #~
~≈# ## . ...# # # ~
.. . . .. .. #. #~~~
. §# . . #. ~~ # # .
... . # # .


You could see a kraken, 2 bone dragons, 2 tentacled monstrosities, a shambling
mangrove, a spatial maelstrom, a ghost crab, 2 spatial vortices, 2 apocalypse
crabs, 2 tentacles, a spectral iron dragon (summoned) and a small abomination.

Vanquished Creatures
  A bone dragon (Abyss:3)
  A tentacled starspawn (Elf:3)
  Roxanne (Elf:3)
  2 deep elf sorcerers (Elf:3)
  A balrug (Abyss:3)
  A deep elf elementalist (Elf:3)
  A deep elf demonologist (Elf:3)
  2 deep elf death magi (Elf:3)
  A deep elf high priest (Elf:3)
  2 ogre magi (Orc:2)
  14 two-headed ogres
  6 dancing weapons
  4 hydras
  A boulder beetle (Orc:1)
  A catoblepas (Lair:5)
  A centaur warrior (D:10)
  3 death yaks
  7 deep elf knights
  A hell hog (Abyss:3)
  3 skeletal warriors
  A wretched star (Abyss:3)
  Amaemon (D:8)
  5 deep elf archers
  10 deep elf zephyrmancers
  2 deep trolls
  Pikel (D:3)
  An orc knight (Orc:2)
  A lindwurm (Lair:5)
  An orc sorcerer (Orc:1)
  9 deep elf pyromancers
  3 cyclopes (Orc:2)
  2 manticores (Lair:5)
  Maurice (Orc:2)
  26 elephants
  7 black mambas
  7 centaur zombies (D:11)
  A gargoyle (D:10)
  A smoke demon (Abyss:3)
  2 torpor snails
  An unseen horror (D:8)
  9 cane toads
  An orange demon (D:8)
  Maggie (D:8)
  4 rime drakes
  5 komodo dragons
  9 trolls
  2 hornets
  3 polar bears
  A snapping turtle (Lair:3)
  Prince Ribbit (D:7)
  6 blink frogs
  A meliai zombie (D:11)
  A vampire (D:11)
  2 shadows
  A ynoxinul (Abyss:3)
  An air elemental (Orc:2)
  A basilisk (Lair:5)
  29 yaks
  3 wyverns
  3 fire elementals
  A water elemental (Elf:3)
  2 wraiths (D:11)
  2 wargs (Orc:1)
  Edmund (D:4)
  An acid dragon (D:10)
  16 water moccasins
  2 ice beasts
  14 orc warriors
  2 sky beasts
  11 wolves
  21 ogres
  9 centaurs
  2 kobold brigands
  3 gnoll sergeants
  An earth elemental (Elf:2)
  A necrophage (D:6)
  7 bullfrogs
  2 scorpions
  20 killer bees
  6 howler monkeys
  4 electric eels
  3 hounds
  16 orc priests
  5 jellies
  A gnoll bouda (D:9)
  Crazy Yiuf (D:4)
  2 iguanas
  Terence (D:3)
  Natasha (thrice) (D:4)
  20 orc wizards
  3 hell rats (D:11)
  A howler monkey zombie (D:11)
  32 gnolls
  5 adders
  A river rat (D:11)
  2 shadow imps (D:8)
  A worm (D:4)
  A dart slug (D:3)
  61 orcs
  8 ball pythons
  5 bats
  4 endoplasms
  3 giant cockroaches
  8 hobgoblins
  4 quokkas
  3 frilled lizards
  14 goblins
  17 kobolds
  4 rats
  A spectral hobgoblin (D:8)
  2 starspawn tentacles (Elf:3)
  A tentacle (Abyss:3)
582 creatures vanquished.

Vanquished Creatures (collateral kills)
  2 gnolls (D:8)
  3 orcs (D:7)
5 creatures vanquished.

Vanquished Creatures (others)
  A deep elf pyromancer (Elf:2)
  A fire elemental (Elf:1)
  A small abomination (Abyss:3)
  A gnoll (D:6)
  A white imp (D:8)
  16 fungi
  41 plants
  8 starspawn tentacles
  3 tentacles (Abyss:3)
73 creatures vanquished.

Grand Total: 660 creatures vanquished

Notes
Turn   | Place    | Note
-------+----------+-------------------------------------------
     0 | D:1      | mistaj the Gargoyle Monk began the quest for the Orb.
     0 | D:1      | Reached XP level 1. HP: 14/14 MP: 1/1
   179 | D:1      | Reached XP level 2. HP: 14/19 MP: 2/2
   412 | D:1      | Reached skill level 1 in Armour
   896 | D:2      | Reached XP level 3. HP: 24/24 MP: 3/3
  1507 | D:2      | Reached XP level 4. HP: 29/29 MP: 4/4
  1826 | D:3      | Found Mafuraig's Distillery.
  1869 | D:3      | Found a sacrificial altar of Ru.
  1890 | D:3      | Noticed Terence
  1933 | D:3      | Killed Terence
  1934 | D:3      | Reached XP level 5. HP: 29/34 MP: 5/5
  2056 | D:3      | Found an ornate altar of the Wu Jian Council.
  2228 | D:3      | Found a faded altar of an unknown god.
  2620 | D:4      | Noticed Edmund
  2746 | D:4      | Noticed a lemure
  2747 | D:4      | Noticed Pikel
  2748 | D:4      | Noticed a lemure
  2748 | D:4      | Noticed a lemure
  2748 | D:4      | Noticed a lemure
  2779 | D:3      | Killed Pikel
  2780 | D:3      | Reached skill level 5 in Maces & Flails
  2780 | D:3      | Reached XP level 6. HP: 19/41 MP: 6/6
  2780 | D:3      | Reached XP level 7. HP: 22/46 MP: 7/7
  2886 | D:4      | Noticed Natasha
  2902 | D:4      | Killed Natasha
  2916 | D:4      | Identified the +0 pair of gloves of Nowifage {rN+ rCorr
                  | Str-3}
  3049 | D:4      | Noticed Natasha
  3071 | D:4      | Killed Natasha
  3071 | D:4      | Noticed Natasha
  3083 | D:4      | Killed Natasha
  3127 | D:4      | Killed Edmund
  3128 | D:4      | Reached skill level 5 in Armour
  3290 | D:4      | Found a bloodstained altar of Trog.
  3294 | D:4      | Found a stormy altar of Qazlal.
  3300 | D:4      | Found a burning altar of Makhleb.
  3308 | D:4      | Became a worshipper of Makhleb the Destroyer
  3308 | D:4      | Reached * piety under Makhleb
  3308 | D:4      | Reached ** piety under Makhleb
  3371 | D:4      | Reached XP level 8. HP: 52/52 MP: 8/8
  3548 | D:4      | Found a runed translucent door.
  3549 | D:4      | Noticed Crazy Yiuf
  3562 | D:4      | Killed Crazy Yiuf
  3867 | D:5      | Entered Level 5 of the Dungeon
  5409 | D:6      | Reached XP level 9. HP: 59/59 MP: 9/9
  5533 | D:6      | Found a shadowy altar of Dithmenos.
  6175 | D:7      | Noticed Prince Ribbit
  6191 | D:7      | Killed Prince Ribbit
  6202 | D:7      | Found a staircase to the Ecumenical Temple.
  6216 | Temple   | Entered the Ecumenical Temple
  6276 | D:7      | Noticed a two-headed ogre
  6297 | D:7      | Killed a two-headed ogre
  6339 | D:7      | Reached *** piety under Makhleb
  6592 | D:7      | Reached XP level 10. HP: 55/66 MP: 7/10
  7009 | D:8      | Reached skill level 1 in Shields
  7121 | D:8      | Noticed Amaemon
  7121 | D:8      | Noticed an orange demon
  7121 | D:8      | Noticed a two-headed ogre
  7167 | D:7      | Killed a two-headed ogre
  7310 | D:8      | Noticed Maggie
  7327 | D:8      | Killed Maggie
  7328 | D:8      | Reached skill level 10 in Fighting
  8058 | D:8      | Killed an unseen horror
  8191 | D:8      | Found a hazy altar of Hepliaklqana.
  8202 | D:8      | Reached **** piety under Makhleb
  8352 | D:9      | Identified a scroll of acquirement
  8352 | D:9      | Acquired the amulet of Siak Jas {Reflect Str+3 Dex+6 SH+5
                  | SInv}
  8462 | D:8      | Killed Amaemon
  8467 | D:8      | Killed an orange demon
  8598 | D:9      | Reached skill level 10 in Armour
  8598 | D:9      | Reached XP level 11. HP: 73/73 MP: 11/11
  8836 | D:9      | Reached skill level 10 in Maces & Flails
  8852 | D:9      | Found a staircase to the Orcish Mines.
  8877 | D:9      | Reached skill level 5 in Shields
  9178 | D:9      | Identified the +3 long sword of Contradiction {protect, rC+
                  | Str-4 Dex+2}
  9394 | D:9      | Reached ***** piety under Makhleb
  9728 | D:10     | Entered Level 10 of the Dungeon
  9765 | D:10     | Found an opulent altar of Gozag.
  9859 | D:10     | Noticed a two-headed ogre
  9872 | D:10     | Killed a two-headed ogre
  9921 | D:10     | Noticed a centaur warrior
  9932 | D:10     | Killed a centaur warrior
  9984 | D:10     | Identified the +3 leather armour of Vehumet's Castigation
                  | {Harm +Blink Str+4}
 10354 | D:11     | Found a staircase to the Lair.
 10354 | D:11     | Noticed a death yak
 10357 | D:11     | Noticed a death yak
 10358 | D:11     | Noticed a death yak
 10400 | D:10     | Killed a death yak
 10691 | D:9      | Killed a death yak
 10730 | D:10     | Killed a death yak
 10978 | D:11     | Noticed a two-headed ogre
 10990 | D:11     | Killed a two-headed ogre
 10991 | D:11     | Reached XP level 12. HP: 81/81 MP: 12/12
 11680 | D:11     | Found a runed translucent door.
 11682 | D:11     | Noticed Iich's ghost (journeyman DsFi)
 11886 | D:11     | Noticed a two-headed ogre
 11898 | D:11     | Killed a two-headed ogre
 12294 | D:11     | Identified the +3 spear "Raisin" {freeze, rC+}
 12337 | Lair:1   | Entered Level 1 of the Lair of Beasts
 12342 | Lair:1   | Identified the +2 pair of gloves of the Slorg {rN+ Str+3}
 13292 | Lair:1   | Found a bloodstained altar of Trog.
 13762 | Lair:2   | Reached XP level 13. HP: 80/87 MP: 13/13
 14481 | Lair:2   | Found a staircase to the Snake Pit.
 14924 | Lair:3   | Found a staircase to the Shoals.
 15493 | Lair:3   | Identified the +8 long sword of Articulation {venom, +Blink
                  | Str+3}
 16230 | Lair:3   | Reached skill level 10 in Shields
 16844 | Lair:5   | Entered Level 5 of the Lair of Beasts
 17222 | Lair:4   | Reached ****** piety under Makhleb
 17305 | Lair:4   | Gained mutation: Your large and strong wings let you fly.
                  | [Gargoyle growth]
 17305 | Lair:4   | Reached XP level 14. HP: 78/96 MP: 14/14
 18273 | Lair:5   | Found a staircase to the Slime Pits.
 18274 | Lair:5   | Found a viscous altar of Jiyva.
 18711 | Lair:5   | Identified the ring "Fiegeqesh" {MP+9 Str+3 Slay+4}
 19218 | Orc:1    | Entered Level 1 of the Orcish Mines
 19425 | Orc:1    | Found a runed translucent door.
 19427 | Orc:1    | Noticed a balrug
 19635 | Orc:2    | Entered Level 2 of the Orcish Mines
 19722 | Orc:2    | Noticed Maurice
 19776 | Orc:2    | Killed Maurice
 19834 | Orc:2    | Found a staircase to the Elven Halls.
 20289 | Orc:2    | Reached skill level 15 in Fighting
 20681 | Orc:1    | Reached XP level 15. HP: 103/103 MP: 15/15
 20750 | Orc:2    | Found Ybruq's Jewellery Emporium.
 20758 | Orc:2    | Found Uci Zep's Book Shoppe.
 20770 | Orc:2    | Found Somp's Assorted Antiques.
 20779 | Orc:2    | Found Dauclusy's Antique Weapon Shoppe.
 20880 | Orc:2    | Found a runed translucent gate.
 20880 | Orc:2    | Found a runed translucent gate.
 20882 | Orc:2    | Found a runed translucent gate.
 20885 | Orc:2    | Noticed mampy3000's ghost (journeyman MiBe)
 21108 | Elf:1    | Entered Level 1 of the Elven Halls
 21124 | Elf:1    | Paralysed by an air elemental for 1 turns
 21133 | Elf:1    | Paralysed by an air elemental for 1 turns
 21149 | Orc:2    | Paralysed by an air elemental for 1 turns
 21155 | Orc:2    | Paralysed by an air elemental for 1 turns
 21161 | Orc:2    | Paralysed by an air elemental for 1 turns
 21164 | Orc:2    | Reached skill level 15 in Armour
 21905 | Elf:1    | Found an ancient bone altar of Kikubaaqudgha.
 22051 | Elf:1    | Found Enne's Antique Weapon Boutique.
 22424 | Elf:2    | Found Ciptaxt's Jewellery Shoppe.
 23428 | Elf:3    | Entered Level 3 of the Elven Halls
 23457 | Elf:3    | Found a radiant altar of Vehumet.
 23547 | Elf:3    | Noticed Roxanne
 23592 | Elf:3    | Killed Roxanne
 25070 | Elf:3    | Noticed a deep elf elementalist
 25098 | Elf:3    | Killed a deep elf elementalist
 25347 | Elf:3    | Noticed a deep elf sorcerer
 25370 | Elf:3    | Killed a deep elf sorcerer
 25400 | Elf:3    | Noticed a deep elf sorcerer
 25409 | Abyss:3  | Found a corrupted altar of Lugonu.
 25409 | Abyss:3  | Cast into level 3 of the Abyss (a deep elf sorcerer)
 25453 | Abyss:3  | Noticed a bone dragon
 25479 | Abyss:3  | Found a corrupted altar of Lugonu.
 25486 | Abyss:3  | Noticed a balrug
 25495 | Abyss:3  | Noticed a profane servitor
 25506 | Abyss:3  | Killed a balrug
 25507 | Abyss:3  | Reached skill level 15 in Maces & Flails
 25510 | Abyss:3  | Noticed a lich
 25740 | Abyss:3  | Paralysed by accursed screaming for 1 turns
 25752 | Abyss:3  | Noticed a tentacled starspawn
 25753 | Abyss:3  | Found a corrupted altar of Lugonu.
 25758 | Elf:3    | Escaped the Abyss
 25769 | Elf:3    | Killed a deep elf sorcerer
 25769 | Elf:3    | Noticed a deep elf sorcerer
 25808 | Elf:3    | Killed a tentacled starspawn
 25809 | Elf:3    | Reached XP level 16. HP: 91/110 MP: 16/16
 25812 | Abyss:3  | Noticed a bone dragon
 25812 | Abyss:3  | Cast into level 3 of the Abyss (a deep elf sorcerer)
 25854 | Abyss:3  | Killed a bone dragon
 25901 | Abyss:3  | Noticed a bone dragon
 25912 | Abyss:3  | Noticed a kraken
 25917 | Abyss:3  | Noticed a tentacled monstrosity
 25929 | Abyss:3  | Noticed a tentacled monstrosity
 25931 | Abyss:3  | HP: 2/111 [something/ball of steam (6)]
 25932 | Abyss:3  | Mangled by an apocalypse crab

Illustrated notes

Levels and vault maps discovered:
D:1:      grunt_arrival_lava_bath, layout_basic
D:2:      layout_loops_ring, minmay_misc_feat_four_crosses
D:3:      layout_basic, mainiacjoe_overflow_concentric_impassable,
          nzn_wu_jian_contemplation, ebering_ecumenical_altar_sacrificial,
          serial_shops, shop_fountains, uniq_terence
D:4:      layout_loops_ring, minitemple, uniq_pikel, uniq_natasha, uniq_edmund,
          uniq_crazy_yiuf_cottage
D:5:      layout_basic, minmay_a_box_with_orc_wizards_in_it
D:6:      layout_basic, nicolae_dithmenos_shadow_blocks, minmay_misc_feat_tower
D:7:      layout_rooms, minmay_temple_entry_ruins, serial_corexii_hall,
          corexii_hall_statues_t, corexii_hall_statues_u, uniq_prince_ribbit1
D:8:      layout_loops_corners, nicolae_hepliaklqana_monster_ancestors,
          uniq_maggie, uniq_amaemon
D:9:      layout_small_grid, erik_orc_3
D:10:     layout_roguey, grunt_gozag_statues
D:11:     layout_small_grid, dpeg_lair_monsters, serial_undead, serial_undead_f,
          serial_undead_d, serial_undead_b, serial_undead_e, serial_undead_d,
          ebering_ghost_funeral_grove, grunt_decor_resistance
Temple:   eino_narrow_crystal_temple
Lair:1:   layout_layer_cave, lemuel_centaur_altar
Lair:2:   layout_roguey, dummy_snake_entry, grunt_megastairs_2
Lair:3:   layout_roguey, minmay_shoals_entry_hut, serial_bayou_shore_b,
          infiniplex_staircase_pool
Lair:4:   layout_gridlike, serial_bayou_shore_a, serial_bayou_shore_b
Lair:5:   hangedman_lair_in_review, layout_regular_city, slime_entry_1,
          lemuel_fruit_tree
Orc:1:    dreamdust_dug_too_deep, layout_caves, rock_pile
Orc:2:    st_orc_open, layout_caves, gammafunk_ghost_necromancy, uniq_maurice
Elf:1:    eino_elf_arrival_the_gate, layout_gridlike, basic_altar, serial_shops,
          shop
Elf:2:    nicolae_elf_blades_splatter_lattice [nicolae_blade_tridents],
          layout_gridlike, serial_shops, shop, uniq_zenata
Elf:3:    elf_hall_gauntlet_wide, layout_geoelf_castle, basic_altar,
          minmay_crystal_room, uniq_roxanne
Abyss:3:  base: Temple, evilmike_abyss_exit_11, hangedman_cross_veins,
          eino_small_chamber_without_monster, base: Depths:2,
          evilmike_nicolae_abyss_rune_betentacled_crabyss,
          evilmike_nicolae_abyss_rune_betentacled_crabyss, minivault_5

Skill      XL: |  1  2  3  4  5  6  7  8  9 10 11 12 13 14 15 16 |
---------------+-------------------------------------------------+-----
Armour         | 1 2 4 5 6 8 10 11 12 13 14 15 16 | 16.0
Fighting       | 4 6 7 9 10 11 12 14 15 16 | 16.4
Maces & Flails | 4 5 7 8 9 10 11 13 14 15 | 15.1
Shields        | 4 6 8 10 12 13 | 13.7
Dodging        | |  2.4
Stealth        | |  2.1

Action                   |  1- 3 |  4- 6 |  7- 9 | 10-12 | 13-15 | 16-18 || total
-------------------------+-------+-------+-------+-------+-------+-------++-------
Melee: Mace              |   117 |    16 |       |       |       |       ||   133
       Punch             |     1 |       |       |       |       |       ||     1
       Whip              |       |    85 |   475 |   283 |       |       ||   843
       Demon whip        |       |       |       |   700 |  1573 |    58 ||  2331
       Broad axe         |       |       |       |       |    10 |       ||    10
Throw: Dart              |       |       |     4 |       |       |       ||     4
       Javelin           |       |       |     1 |     1 |       |       ||     2
  Use: Scroll            |       |       |       |    24 |    12 |     1 ||    37
       Potion            |       |       |       |       |     2 |     3 ||     5
 Stab: Sleeping          |     1 |       |       |       |       |       ||     1
       Distracted        |       |       |     2 |       |       |       ||     2
Armor: Ring mail         |    60 |    29 |       |       |       |       ||    89
       Scale mail        |       |    20 |   210 |   416 |   751 |    68 ||  1465
Dodge: Dodged            |    80 |    49 |   169 |   221 |   457 |    25 ||  1001
Block: Kite shield       |       |       |       |   572 |  1272 |    70 ||  1914
       Reflection        |       |       |       |    22 |    37 |       ||    59

Table legend: (Time is in decaauts)
 A = Elapsed time spent in this place.
 B = Non-inter-level travel time spent in this place.
 C = Inter-level travel time spent in this place.
 D = Time resting spent in this place.
 E = Time spent auto-exploring this place.
 F = Levels seen in this place.
 G = Mean time per level.
                   A        B        C        D        E       F      G
               +--------+--------+--------+--------+--------+-----+--------+
         Total |  25058 |  23991 |   1067 |   6314 |   9658 |  24 | 1044.1 |
       Dungeon |  12104 |  11568 |    536 |   2585 |   5449 |  11 | 1100.4 |
        Temple |      1 |      1 |      0 |      0 |      0 |   1 |    1.0 |
          Lair |   6583 |   6389 |    194 |   1696 |   3138 |   5 | 1316.6 |
  Orcish Mines |   2389 |   2186 |    203 |    716 |    542 |   2 | 1194.5 |
   Elven Halls |   3555 |   3421 |    134 |   1148 |    529 |   3 | 1185.0 |
         Abyss |    424 |    424 |      0 |    167 |      0 |   2 |  212.0 |
               +--------+--------+--------+--------+--------+-----+--------+

Top non-repeatable levels by time:
   Elf:3: 1948 daAuts
  Lair:4: 1539 daAuts
  Lair:5: 1533 daAuts
     D:8: 1508 daAuts
    D:10: 1383 daAuts
  Lair:1: 1313 daAuts
  Lair:3: 1288 daAuts
     D:9: 1257 daAuts
     D:5: 1219 daAuts
   Orc:1: 1197 daAuts
   Orc:2: 1192 daAuts
    D:11: 1134 daAuts
     D:3: 1116 daAuts
     D:4: 1102 daAuts
   Elf:1: 1060 daAuts
